 Dungeon Crawl Stone Soup version 0.30.0-18-gc0e69614cb (webtiles) character file.

Game seed: 10689278517251207178

2 McKennaii the Conjurer (level 1, -2/14 HPs)
             Began as a Demigod Conjurer on May 25, 2023.
             Slain by a quokka (3 damage)
             ... on level 1 of the Dungeon.
             The game lasted 00:00:25 (45 turns).

McKennaii the Conjurer (Demigod Conjurer)             Turns: 45, Time: 00:00:25

Health: -2/14      AC:  2    Str:  8    XL:     1   Next: 26%
Magic:  0/5        EV: 12    Int: 20    God:
Gold:   15         SH:  0    Dex: 12    Spells: 2/3 levels left

rFire   . . .        (no weapon)
rCold   . . .        (no shield)
rNeg    . . .        a - +0 robe
rPois   .            (no helmet)
rElec   .            (no cloak)
rCorr   .            (no gloves)
SInv    .            (no boots)
Will    .....        (no amulet)
Stlth   ++           (no ring)
HPRegen 0.22/turn    (no ring)
MPRegen 0.09/turn

%: no passive effects
@: very slightly contaminated
A: high MP 1, forlorn, divine attributes
a: no special abilities


You were on level 1 of the Dungeon.
You visited 1 branch of the dungeon, and saw 1 of its levels.

You collected 15 gold pieces.

Inventory:

Armour
 a - a +0 robe (worn)
Potions
 b - a potion of magic


   Skills:
 - Level 1.7 Dodging
 - Level 1.7 Stealth
 + Level 1.9 Spellcasting
 + Level 3.6 Conjurations


You had 2 spell levels left.
You knew the following spells:

 Your Spells              Type           Power      Damage    Failure   Level
a - Magic Dart            Conj           64%        1d6       3%          1

Your spell library contained the following spells:

 Spells                   Type           Power      Damage    Failure   Level
 Searing Ray              Conj           32%        2d5       5%          2
 Dazzling Flash           Conj/Hex       18%        N/A       22%         3
 Fulminant Prism          Conj/Hex       4%         3d5       58%         4
 Iskenderun's Mystic Bla  Conj/Tloc      9%         2d4       58%         4


Dungeon Overview and Level Annotations

Branches:
Dungeon (1/15)


Innate Abilities, Weirdness & Mutations

You have an increased reservoir of magic. (+10% MP)
You shall have no god before yourself.
Your divine heritage dramatically boosts your attributes as you level up.


Message History

The magic dart hits the quokka.
The quokka is heavily wounded.
The quokka misses you.
Unknown command.
Casting: Magic Dart (safe; 3% risk of failure)
Confirm with . or Enter, or press ? or * to list all spells.
You don't have enough magic to cast this spell.
Unknown command.
Unknown command.
The quokka bites you. The quokka closely misses you. The quokka misses you.
Casting: Magic Dart (safe; 3% risk of failure)
Confirm with . or Enter, or press ? or * to list all spells.
Aiming: Magic Dart (safe; 3% risk of failure)
Press: ? - help, Shift-Dir - straight line, f/p - quokka
Aim: a quokka (moderately wounded, 100% to hit)
The magic dart hits the quokka.
The quokka is severely wounded.
The quokka closely misses you.
Unknown command.
A frilled lizard comes into view.
The frilled lizard hisses angrily.
A bat comes into view.
The frilled lizard bites you. The quokka attacks as you move away!
The quokka closely misses you. The quokka barely misses you.
The frilled lizard bites you. The frilled lizard bites you.
The quokka attacks as you move away! The quokka bites you.
* * * LOW HITPOINT WARNING * * *
Casting: Magic Dart (safe; 3% risk of failure)
Confirm with . or Enter, or press ? or * to list all spells.
Aiming: Magic Dart (safe; 3% risk of failure)
Press: ? - help, Shift-Dir - straight line, f/p - quokka
Aim: a quokka (severely wounded, 100% to hit)
You miscast Magic Dart.
You are very lightly contaminated with residual magic.
Nothing appears to happen.
The quokka bites you.
* * * LOW HITPOINT WARNING * * *
The quokka bites you.
You die...

..#.. ...#. .# ..
#..#.#.# ..
#..#...#####.#
#..##......!.#
#..##)###.#..# .
#(...........#.#
##....[.Jl)...#.##
##......@r.b.#.....
##...#######....#
#.#..#†.††.#...##
##...#.≈≈≈.#..##
..####<.#†≈≈≈.#..#
#.......#.X≈≈.#..#
#.####..#.....#..#
#..#######..#
#..........##


You could see an endoplasm, a quokka, a bat, a frilled lizard and a neutral
kraken (wandering).

Vanquished Creatures
  A goblin (D:1)
  A kobold (D:1)
2 creatures vanquished.

Vanquished Creatures (others)
  A minotaur (D:1)
  A demonspawn (D:1)
  2 octopodes (D:1)
  A draconian (D:1)
  A gargoyle (D:1)
  A vine stalker (D:1)
  A merfolk (D:1)
  A demigod (D:1)
  A tengu (D:1)
  A mummy (D:1)
  A kobold (D:1)
  5 tentacles (D:1)
17 creatures vanquished.

Grand Total: 19 creatures vanquished

Notes
Turn   | Place    | Note
-------+----------+-------------------------------------------
     0 | D:1      | McKennaii the Demigod Conjurer began the quest for the Orb.
     0 | D:1      | Reached XP level 1. HP: 14/14 MP: 5/5
     0 | D:1      | Noticed an octopode
     0 | D:1      | Noticed a vine stalker
     0 | D:1      | Noticed a demigod
     0 | D:1      | Noticed a tengu
     0 | D:1      | Noticed a merfolk
     0 | D:1      | Noticed a kraken
     0 | D:1      | Noticed a minotaur
     0 | D:1      | Noticed an octopode
     0 | D:1      | Noticed a demonspawn
     0 | D:1      | Noticed a gargoyle
     0 | D:1      | Noticed a draconian
     3 | D:1      | Killed a merfolk
     4 | D:1      | Killed a gargoyle
     6 | D:1      | Killed a demigod
     6 | D:1      | Killed a tengu
     9 | D:1      | Killed a minotaur
     9 | D:1      | Killed a vine stalker
     9 | D:1      | Killed an octopode
    12 | D:1      | Killed a demonspawn
    13 | D:1      | Killed an octopode
    16 | D:1      | Killed a draconian
    45 | D:1      | Slain by a quokka

Illustrated notes

Levels and vault maps discovered:
D:1:      nicolae_arrival_kraken_aquarium_a, layout_loops_ring

Action                     || total
---------------------------++-------
   Cast: Magic Dart        ||     7
 Armour: Robe              ||     1
  Dodge: Dodged            ||     9
